 Dungeon Crawl Stone Soup version 0.28-a0-1382-g92835e5c71 (webtiles) character file.

Game seed: 246613454605210809

914 lunkers the Cleaver (level 7, 0/66 HPs)
             Began as a Minotaur Cinder Acolyte on Jan 1, 2022.
             Was a High Priest of Ignis.
             Slain by Pikel (1 damage)
             ... on level 4 of the Dungeon.
             The game lasted 00:06:11 (5631 turns).

lunkers the Cleaver (Minotaur Cinder Acolyte)       Turns: 5631, Time: 00:06:12

Health: 0/66       AC:  8    Str: 20    XL:     7   Next: 82%
Magic:  7/7        EV:  9    Int: 11    God:    Ignis [*****.]
Gold:   986        SH:  0    Dex: 12    Spells: 8/8 levels left

rFire   + + .      SeeInvis .   b - +0 war axe (flame)
rCold   . . .      Faith    .   (no shield)
rNeg    . . .      Spirit   .   r - +1 scale mail {rF+}
rPois   .          Reflect  .   (helmet restricted)
rElec   .          Harm     .   (no cloak)
rCorr   .          Rampage  .   n - +0 pair of gloves
Will    .....                   (no boots)
Stlth   ..........              (no amulet)
HPRegen 0.21/turn               o - +6 ring of dexterity
MPRegen 0.10/turn               (no ring)

@: no status effects
A: horns 2, retaliatory headbutt
a: Renounce Religion, Fiery Armour, Foxfire Swarm, Rising Flame


You were on level 4 of the Dungeon.
You worshipped Ignis.
Ignis was extremely pleased with you.
You visited 1 branch of the dungeon, and saw 5 of its levels.

You collected 986 gold pieces.

Inventory:

Hand Weapons
 a - a -1 hand axe of flaming
 b - a +0 war axe of flaming (weapon)
 p - a +0 vorpal war axe
Missiles
 d - 6 boomerangs
 f - 13 poisoned darts
 k - 63 stones (quivered)
 l - 2 javelins
Armour
 n - a +0 pair of gloves (worn)
 r - a +1 scale mail of fire resistance (worn)
Jewellery
 e - an amulet of magic regeneration
 i - a ring of positive energy
 o - a +6 ring of dexterity (left hand)
Wands
 g - a wand of charming (9)
 h - a wand of polymorph (5)
 q - a wand of digging (8)
 u - a wand of flame (10)
Scrolls
 s - a scroll of identify
 v - a scroll of teleportation {unknown}
Potions
 c - a potion of invisibility
 j - a potion of haste
 m - 2 potions of heal wounds
 t - 3 potions of curing


   Skills:
 + Level 7.1 Fighting
 * Level 9.6 Axes
 - Level 1.0 Spellcasting
 - Level 2.1 Fire Magic


You had 8 spell levels left.
You didn't know any spells.
Your spell library contained the following spells:

 Spells                   Type           Power      Damage    Failure   Level
 Scorch                   Fire           10%        2d6       52%         2
 Corpse Rot               Necr/Air       0%         N/A       82%         2
 Dispel Undead            Necr           0%         3d6       100%        4
 Death Channel            Necr           0%         N/A       100%        6


Dungeon Overview and Level Annotations

Branches:
Dungeon (5/15)             Temple (0/1) D:5

Altars:

Shops:
D:5 (

Annotations:
D:4 Pikel


Innate Abilities, Weirdness & Mutations

You have a pair of horns on your head.
You reflexively headbutt those who attack you in melee.


Message History

Pikel hits you with a +0 whip of freezing.
* * * LOW HITPOINT WARNING * * *
Pikel freezes you.
* * * LOW HITPOINT WARNING * * *
You hit Pikel but do no damage.
Pikel hits you with a +0 whip of freezing.
* * * LOW HITPOINT WARNING * * *
Pikel freezes you.
* * * LOW HITPOINT WARNING * * *
You slash Pikel! You burn Pikel.
Pikel is moderately wounded.
Pikel closely misses you.
Unknown command.
You barely miss Pikel.
Pikel is moderately wounded.
Pikel completely misses you.
Unknown command.
You slash Pikel! You burn Pikel.
Pikel is severely wounded.
Pikel hits you with a +0 whip of freezing.
* * * LOW HITPOINT WARNING * * *
Pikel freezes you.
* * * LOW HITPOINT WARNING * * *
You hit Pikel but do no damage.
Pikel is severely wounded.
Pikel barely misses you. You furiously retaliate!
You headbutt Pikel.
Unknown command.
You closely miss Pikel.
Pikel is almost dead.
Pikel says, "You'll feel the lick of my whip!"
Pikel hits you with a +0 whip of freezing.
* * * LOW HITPOINT WARNING * * *
Pikel freezes you.
* * * LOW HITPOINT WARNING * * *
You miss Pikel.
Pikel is almost dead.
Pikel hits you with a +0 whip of freezing.
* * * LOW HITPOINT WARNING * * *
Pikel freezes you.
You die...

................#.......+........
................#.......#........
................#.......#........
................#######'#........
######'##'#..............))....##
....#.....#....................#.
....#.....#....................#.
....#.....#....................#.
#.####.####....K@..............#.
#'####.#.....#######'######....#.
..#....#.....'............#....'.
..'....#.....#............#....#.
..#....#.....#..<.........#....#.
..#....#.....#.................#.
.###...#.....##.###...###......#.
.###...#......##################'
.#.....#...<..#..#.......# #...


You could see Pikel.

Vanquished Creatures
  Sigmund (D:2)
  A black bear (D:5)
  An ogre (D:5)
  A gnoll sergeant (D:5)
  A water moccasin skeleton (D:4)
  A jelly (D:4)
  2 orc priests (D:3)
  2 centaur skeletons
  Jessica (D:2)
  2 iguanas
  11 gnolls
  6 adders
  A shadow imp (D:5)
  3 worms
  2 dart slugs
  4 orcs (D:3)
  8 endoplasms
  2 giant cockroaches
  7 hobgoblins
  A quokka (D:3)
  7 ball pythons
  6 bats
  2 frilled lizards (D:2)
  9 goblins
  4 kobolds
  5 rats
91 creatures vanquished.

Vanquished Creatures (others)
  6 fungi (D:2)
  5 toadstools (D:2)
11 creatures vanquished.

Grand Total: 102 creatures vanquished

Notes
Turn   | Place    | Note
-------+----------+-------------------------------------------
     0 | D:1      | lunkers the Minotaur Cinder Acolyte began the quest for the
                  | Orb.
     0 | D:1      | Reached XP level 1. HP: 19/19 MP: 1/1
   476 | D:1      | Reached skill level 4 in Axes
   540 | D:1      | Reached XP level 2. HP: 27/27 MP: 2/2
  1055 | D:2      | Noticed Sigmund
  1077 | D:2      | Killed Sigmund
  1078 | D:2      | Reached skill level 5 in Fighting
  1078 | D:2      | Reached skill level 6 in Axes
  1078 | D:2      | Reached XP level 3. HP: 20/36 MP: 3/3
  1078 | D:2      | Reached XP level 4. HP: 23/42 MP: 4/4
  1078 | D:2      | Reached XP level 5. HP: 27/48 MP: 5/5
  2075 | D:2      | Noticed Jessica
  2080 | D:2      | Killed Jessica
  2335 | D:3      | Reached skill level 7 in Axes
  2335 | D:3      | Reached XP level 6. HP: 17/56 MP: 6/6
  2736 | D:3      | Noticed Ijyb
  2738 | D:3      | Noticed Ijyb
  2738 | D:3      | Ijyb changed into Ijyb the iguana
  2746 | D:3      | Killed Ijyb the iguana
  3744 | D:4      | Reached skill level 8 in Axes
  3869 | D:4      | Reached XP level 7. HP: 58/63 MP: 7/7
  4475 | D:5      | Entered Level 5 of the Dungeon
  4476 | D:5      | Identified a scroll of acquirement
  4476 | D:5      | Acquired 782 gold pieces
  5080 | D:5      | Found Tucythu's Antique Weapon Emporium.
  5101 | D:5      | Found a staircase to the Ecumenical Temple.
  5131 | D:5      | Reached skill level 9 in Axes
  5510 | D:5      | Noticed Pikel
  5630 | D:4      | HP: 3/66 [Pikel (1)]
  5631 | D:4      | HP: 1/66 [Pikel (2)]
  5631 | D:4      | Slain by Pikel

Illustrated notes

Levels and vault maps discovered:
D:1:      eino_arrival_cavern_e, layout_loops_cross, patterned_corridor
D:2:      layout_basic, st_stairs_10, minmay_gold_behind_fungi,
          chequers_hall_statues_y, uniq_sigmund, uniq_jessica
D:3:      layout_basic, uniq_ijyb
D:4:      layout_gridville
D:5:      layout_gridville, minmay_temple_entry_junction, serial_shops,
          shop_fountains, kennysheep_minor_cross, uniq_pikel, uniq_edmund

Skill      XL: |  1  2  3  4  5  6  7 |
---------------+----------------------+-----
Axes           | 4 6 7 8 9 |  9.6
Fighting       | 5 6 7 |  7.1
Spellcasting   | |  1.0
Fire Magic     | |  2.1

Action                   |  1- 3 |  4- 6 |  7- 9 || total
-------------------------+-------+-------+-------++-------
Melee: Hand axe          |    46 |    82 |       ||   128
       Headbutt          |     5 |    17 |    14 ||    36
       War axe           |       |    45 |    64 ||   109
Throw: Stone             |       |    27 |    13 ||    40
Evoke: Wand              |       |     2 |       ||     2
  Use: Potion            |     2 |       |       ||     2
       Scroll            |       |     9 |     2 ||    11
Armor: Ring mail         |     9 |    20 |       ||    29
       Robe              |     2 |       |       ||     2
       Scale mail        |       |    10 |    44 ||    54
Dodge: Dodged            |    26 |    52 |    37 ||   115

Table legend: (Time is in decaauts)
 A = Elapsed time spent in this place.
 B = Non-inter-level travel time spent in this place.
 C = Inter-level travel time spent in this place.
 D = Time resting spent in this place.
 E = Time spent auto-exploring this place.
 F = Levels seen in this place.
 G = Mean time per level.
                   A        B        C        D        E       F      G
               +--------+--------+--------+--------+--------+-----+--------+
         Total |   5648 |   5405 |    243 |    437 |   4138 |   5 | 1129.6 |
       Dungeon |   5648 |   5405 |    243 |    437 |   4138 |   5 | 1129.6 |
               +--------+--------+--------+--------+--------+-----+--------+

Top non-repeatable levels by time:
     D:2: 1441 daAuts
     D:4: 1204 daAuts
     D:3: 1109 daAuts
     D:1: 1026 daAuts
     D:5: 866 daAuts
